 Dungeon Crawl Stone Soup version 0.20-a0-641-g673355a (webtiles) character file.

294252 kuniqs the Warrior (level 20, -5/187 HPs)
             Began as a Demonspawn Berserker on Feb 13, 2017.
             Was a High Priest of Trog.
             Slain by a deep elf blademaster
             ... wielding a +0 short sword
              (7 damage)
             ... on level 3 of the Elven Halls on Feb 28, 2017.
             The game lasted 01:47:37 (36254 turns).

kuniqs the Warrior (Demonspawn Berserker)          Turns: 36254, Time: 01:47:39

Health: -5/187     AC: 23    Str: 22    XL:     20   Next: 3%
Magic:  0/20       EV: 25    Int: 16    God:    Trog [*****.]
Gold:   3357       SH:  0    Dex: 21    Spells: 19/19 levels left

rFire    + . .     SeeInvis +   c - +5 demon blade (venom)
rCold    + . .     Gourm    .   u - +0 swamp dragon scales
rNeg     + . .     Faith    .   (no shield)
rPois    +         Spirit   +   h - +2 helmet of Greed {rN+ Regen+ Int+5}
rElec    .         Reflect  .   B - +2 cloak {rF+}
rCorr    .         Harm     .   v - +2 pair of gloves
MR       ++...                  (no boots)
Stlth    ++++......             b - amulet of regeneration
Regen    1.3/turn               t - ring of see invisible
MPRegen  0.4/turn               p - ring of protection from magic

@: exhausted, about to teleport, slowed, very slow
A: fangs 1, hooves 2, thin skeletal structure 3, cold resistance 1, nightstalker
2, robust 1, magic shield, magic regeneration
}: 2/15 runes: decaying, serpentine
a: Berserk, Trog's Hand, Brothers in Arms, Burn Spellbooks, Renounce Religion


You were on level 3 of the Elven Halls.
You worshipped Trog.
Trog was extremely pleased with you.
You were very hungry.

You visited 6 branches of the dungeon, and saw 34 of its levels.
You also visited: Ice Cave and Volcano.

You collected 3925 gold pieces.
You spent 568 gold pieces at shops.

Inventory:

Hand Weapons
 a - a +8 antimagic triple sword
 c - a +5 demon blade of venom (weapon)
 A - a +2 scimitar of flaming
Missiles
 F - 2 throwing nets (quivered)
Armour
 h - the +2 helmet of Greed (worn) {rN+ Regen+ Int+5}
   (You found it in a volcano)

   It affects your intelligence (+5).
   It protects you from negative energy.
   It increases your rate of regeneration.
 u - +0 swamp dragon scales (worn)
 v - a +2 pair of gloves (worn)
 B - a +2 cloak of fire resistance (worn)
 S - a +2 scale mail of fire resistance
Jewellery
 b - an amulet of regeneration (around neck)
 p - a ring of protection from magic (left hand)
 t - a ring of see invisible (right hand)
Wands
 q - a wand of paralysis (15/24)
 M - a wand of digging (11/24)
Scrolls
 j - 6 scrolls of enchant armour
 m - 5 scrolls of recharging
 o - a scroll of brand weapon
 r - 4 scrolls of teleportation
 s - 10 scrolls of identify {@r1}
 x - a scroll of summoning
 E - 4 scrolls of blinking
 G - 5 scrolls of fog
 I - 8 scrolls of enchant weapon
 J - 4 scrolls of immolation
 L - 4 scrolls of fear
 N - 14 scrolls of remove curse {@r2}
Potions
 g - 3 potions of mutation
 i - 4 potions of agility
 k - 2 potions of haste
 n - 14 potions of curing {@q1}
 z - 3 potions of resistance
 C - 8 potions of heal wounds
 D - 3 potions of ambrosia
 H - 9 potions of flight
 P - 4 potions of might
 Q - 6 potions of cancellation
Comestibles
 d - 18 bread rations
 e - 18 meat rations
 f - 11 fruits


   Skills:
 + Level 18.0 Fighting
 + Level 16.8 Long Blades
 + Level 16.8 Armour
 + Level 16.5 Dodging


You had 19 spell levels left.
You didn't know any spells.

Dungeon Overview and Level Annotations

Branches:
Dungeon (15/15)            Temple (0/1) D:7            Lair (6/6) D:11
  Swamp (4/4) Lair:4        Snake (4/4) Lair:3        Slime (0/5) Lair:5
    Orc (2/2) D:12            Elf (3/3) Orc:2        Vaults (0/5) D:14
 Depths (0/5) D:15

Altars:
Hepliaklqana
Trog
Yredelemnul
Beogh
Jiyva

Shops:
D:6 (!*   D:9 !   D:14 }   D:15 *   Orc:2 ((([   Elf:1 !?[}   Snake:1 }=}

Annotations:
D:15 exclusion: upstairs
Lair:4 Nessos
Lair:6 exclusion: 4 oklob plants
Swamp:3 exclusion: Roxanne, Roxanne
Elf:2 3 runed doors


Innate Abilities, Weirdness & Mutations

You have hoof-like feet.
You have an unnaturally thin skeletal structure. (Dex +6, Stealth++)
You are significantly more attuned to the shadows.
You are robust. (+10% HP)
When hurt, damage is shared between your health and your magic reserves.
You regenerate magic rapidly.
You have very sharp teeth.
Your flesh is cold resistant. (rC+)


Message History

The door flies open with a bang!
You feel your anger subside.
A deep elf knight and a deep elf mage come into view.
You are no longer berserk.
You are exhausted.
You feel yourself slow down.
The deep elf knight shouts!
You hear a shout! x4
The deep elf blademaster hits you with a short sword!
* * * LOW HITPOINT WARNING * * *
The deep elf blademaster barely misses you.
Found ten items.
As you read the scroll of teleportation, it crumbles to dust.
You feel strangely unstable. The deep elf blademaster misses you.
The deep elf blademaster hits you but does no damage.
The deep elf blademaster closely misses you.
The deep elf blademaster hits you with a short sword.
* * * LOW HITPOINT WARNING * * *
The deep elf blademaster misses you.
The deep elf blademaster hits you with a short sword!
You die...

##'## #.# ##
#..}# #.# #:
#...# #.# #.
##### #.# ##
#.# #.# ###.###
)$#####)((..#
}$ee'@ee.⌠..?.+
[(=[###e..).###
[|# ####### #


You could see 2 deep elf blademasters, a deep elf master archer, a deep elf
knight and a deep elf mage.

Vanquished Creatures
  Asterion (Elf:2)
  The ghost of Nico3ck the Fencer, an adept FoAs of Okawaru (Snake:3)
  2 deep elf blademasters (Elf:3)
  2 sphinxes (Elf:3)
  4 deep elf master archers (Elf:3)
  2 thorn hunters
  9 nagarajas
  Donald (Swamp:3)
  Louise (Swamp:3)
  3 deep elf elementalists (Elf:3)
  5 deep elf sorcerers
  2 orc warlords
  3 deep elf annihilators (Elf:3)
  3 deep elf demonologists
  The ghost of nht the Severer, a journeyman BaBe of Trog (Lair:5)
  A dire elephant (Lair:4)
  6 deep elf death magi
  Josephine (Lair:4)
  Erolcha (D:13)
  3 fire dragons
  2 deep elf high priests
  12 naga warriors
  34 hydras
  3 catoblepae (Lair:6)
  A hell beast (Elf:3)
  13 anacondas
  Erica (D:8)
  7 dancing weapons
  A large abomination (Elf:3)
  6 centaur warriors
  An alligator (Swamp:1)
  14 two-headed ogres
  10 death yaks
  18 naga sharpshooters
  2 ogre magi (D:15)
  10 shock serpents
  Nergalle (Orc:1)
  14 deep elf knights
  4 orc high priests
  A fire crab (shapeshifter) (Elf:2)
  17 deep elf archers
  6 salamander mystics
  10 swamp dragons
  An unseen horror (D:13)
  2 spriggan druids
  3 shambling mangroves
  A glowing orange brain (D:14)
  8 lindwurms
  A lindwurm (shapeshifter) (Elf:1)
  A deep troll (D:14)
  7 naga ritualists
  An orange crystal statue (D:15)
  5 wizards
  An obsidian statue (D:15)
  15 mana vipers
  5 orc knights
  5 harpies (Elf:3)
  20 ugly things
  41 deep elf magi
  8 manticores
  2 orc sorcerers
  6 salamanders
  A wolf spider (D:14)
  8 elephants (Lair:6)
  8 cyclopes
  A salamander (shapeshifter) (Elf:3)
  Maurice (D:8)
  5 centaur zombies
  39 black mambas
  8 guardian serpents
  27 naga magi
  A black mamba (shapeshifter) (Elf:2)
  A smoke demon (Volcano)
  3 ice statues (IceCv)
  18 spiny frogs
  A torpor snail (Lair:4)
  A yaktaur (D:15)
  2 gargoyles
  9 komodo dragons
  13 rime drakes
  2 red devils (Volcano)
  5 trolls
  2 polar bears (D:10)
  3 tyrant leeches
  7 bog bodies
  13 hornets
  Prince Ribbit (D:5)
  5 blink frogs (Lair:6)
  22 slime creatures
  10 hippogriffs
  A meliai zombie (D:15)
  A dream sheep (shapeshifter) (Elf:1)
  7 spriggans
  A centaur simulacrum (D:9)
  Sigmund (D:5)
  2 shadows
  3 water elementals (Elf:1)
  7 air elementals
  3 wyverns
  A vampire (D:14)
  A golden eye (shapeshifter) (D:12)
  39 yaks
  5 wraiths (Lair:4)
  A basilisk (Lair:6)
  A human (shapeshifter) (Elf:2)
  6 fire elementals
  10 steam dragons
  15 vampire mosquitoes
  A hog (shapeshifter) (Elf:1)
  Edmund (D:4)
  Menkaure (D:4)
  3 hungry ghosts
  25 swamp worms
  7 wargs
  42 nagas
  15 insubstantial wisps
  2 acid dragons
  Duvessa (D:4)
  11 hell hounds
  16 water moccasins
  10 porcupines
  5 phantoms
  41 orc warriors
  A sky beast (shapeshifter) (Elf:1)
  18 ice beasts
  3 black bears
  11 swamp drakes
  15 ogres
  4 eyes of draining
  5 sky beasts
  A boggart (Elf:1)
  16 centaurs
  8 wolves (Lair:2)
  A necrophage (D:10)
  18 crocodiles
  20 bullfrogs
  An earth elemental (Elf:1)
  Dowan (D:4)
  2 wyvern skeletons (D:8)
  4 scorpions
  A howler monkey (D:5)
  2 electric eels
  8 crimson imps
  A bullfrog zombie (D:9)
  5 centaur skeletons
  10 hounds
  4 jellies
  A bullfrog skeleton (D:8)
  29 orc priests
  Crazy Yiuf (D:2)
  5 iguanas
  Natasha (thrice) (D:4)
  39 orc wizards
  5 worker ants
  A killer bee zombie (D:6)
  2 hound zombies
  A hound skeleton (D:10)
  2 howler monkey zombies
  3 worker ant zombies
  15 adders
  14 gnolls
  3 shadow imps
  2 adder zombies
  An adder skeleton (D:9)
  2 dart slugs (D:1)
  8 leopard geckos
  130 orcs
  7 giant cockroaches
  3 goblins
  4 hobgoblins
  19 jackals
  7 quokkas
  2 ball pythons
  A ball python skeleton (D:4)
  7 bats
  6 frilled lizards
  A jackal zombie (D:5)
  5 kobolds
  A leopard gecko skeleton (D:7)
  A quokka skeleton (D:9)
  A quokka zombie (D:8)
  5 rats
  A fungus (D:2)
1374 creatures vanquished.

Vanquished Creatures (collateral kills)
  Rupert (D:13)
  Snorg (D:14)
  A centaur warrior (D:14)
  Sonja (Lair:3)
  A rime drake (Lair:3)
  A basilisk (Elf:3)
  A hell hound (Elf:3)
  A porcupine (Lair:3)
  An orc warrior (Orc:2)
  2 centaurs (D:14)
  An earth elemental (Elf:2)
12 creatures vanquished.

Vanquished Creatures (others)
  A hydra (Swamp:4)
  A spriggan druid (Swamp:4)
  A steam dragon (Lair:3)
  A swamp drake (Swamp:4)
  7 fungi
  14 plants
25 creatures vanquished.

Grand Total: 1411 creatures vanquished

Notes
Turn   | Place    | Note
-------+----------+-------------------------------------------
     0 | D:1      | kuniqs the Demonspawn Berserker began the quest for the Orb.
     0 | D:1      | Reached XP level 1. HP: 18/18 MP: 1/1
   290 | D:1      | Gained mutation: You have a somewhat thin skeletal structure. (Dex +2, Stealth) [demonic ancestry]
   290 | D:1      | Reached XP level 2. HP: 21/24 MP: 2/2
   784 | D:2      | Gained mutation: You have a moderately thin skeletal structure. (Dex +4, Stealth+) [demonic ancestry]
   784 | D:2      | Reached XP level 3. HP: 27/29 MP: 3/3
  1609 | D:2      | Found a runed door.
  1613 | D:2      | Noticed Crazy Yiuf
  1617 | D:2      | Killed Crazy Yiuf
  1617 | D:2      | Reached XP level 4. HP: 37/37 MP: 4/4
  1705 | D:3      | Reached ** piety under Trog
  1860 | D:3      | Reached skill level 4 in Fighting
  1860 | D:3      | Gained mutation: You have large cloven feet. [demonic ancestry]
  1860 | D:3      | Reached XP level 5. HP: 29/42 MP: 5/5
  2531 | D:4      | Gained mutation: When hurt, damage is shared between your health and your magic reserves. [demonic ancestry]
  2531 | D:4      | Reached XP level 6. HP: 47/48 MP: 6/6
  2609 | D:4      | Noticed Menkaure
  2614 | D:4      | Killed Menkaure
  2653 | D:4      | Noticed Dowan
  2657 | D:4      | Noticed Duvessa
  2663 | D:4      | Killed Duvessa
  2663 | D:4      | Gained mutation: You have an unnaturally thin skeletal structure. (Dex +6, Stealth++) [demonic ancestry]
  2663 | D:4      | Reached XP level 7. HP: 55/55 MP: 7/7
  2668 | D:4      | Killed Dowan
  2668 | D:4      | Reached *** piety under Trog
  2799 | D:4      | Noticed Natasha
  2807 | D:4      | Reached skill level 5 in Fighting
  2814 | D:4      | Killed Natasha
  3242 | D:4      | Noticed Edmund
  3253 | D:4      | Noticed Natasha
  3266 | D:4      | Killed Edmund
  3274 | D:4      | Killed Natasha
  3393 | D:4      | Noticed Natasha
  3400 | D:4      | Killed Natasha
  3500 | D:5      | Entered Level 5 of the Dungeon
  3608 | D:5      | Gained mutation: You have hoof-like feet. [demonic ancestry]
  3608 | D:5      | Reached XP level 8. HP: 59/63 MP: 5/8
  3620 | D:5      | Noticed Sigmund
  3688 | D:5      | Killed Sigmund
  3688 | D:5      | Reached skill level 5 in Long Blades
  3868 | D:5      | Reached skill level 5 in Armour
  4029 | D:5      | Reached skill level 6 in Fighting
  4090 | D:5      | Noticed Prince Ribbit
  4098 | D:5      | Killed Prince Ribbit
  4098 | D:5      | Reached skill level 5 in Dodging
  5013 | D:6      | Found Cankaf's Antique Weapon Boutique.
  5019 | D:6      | Bought a runed long sword for 143 gold pieces
  5107 | D:6      | Found Inuped's Assorted Antiques.
  5110 | D:6      | Bought a silvery potion for 25 gold pieces
  5110 | D:6      | Bought a scroll labeled DAUPOIV SAKK for 28 gold pieces
  5198 | D:6      | Gained mutation: You are robust. (+10% HP) [demonic ancestry]
  5198 | D:6      | Reached XP level 9. HP: 78/78 MP: 9/9
  5241 | D:6      | Reached **** piety under Trog
  5271 | D:6      | Found Piodgh's Distillery.
  5325 | D:6      | Bought a potion of curing for 45 gold pieces
  5569 | D:7      | Reached skill level 7 in Fighting
  5678 | D:7      | Found a basalt altar of Yredelemnul.
  6154 | D:7      | Found a staircase to the Ecumenical Temple.
  6479 | D:8      | Noticed a two-headed ogre
  6521 | D:8      | Killed a two-headed ogre
  6521 | D:8      | Reached XP level 10. HP: 62/88 MP: 10/10
  6526 | D:8      | Noticed a two-headed ogre
  6631 | D:8      | Noticed Erica
  6638 | D:8      | Killed a two-headed ogre
  6638 | D:8      | Reached skill level 8 in Fighting
  6645 | D:8      | Killed Erica
  7303 | D:8      | Noticed Maurice
  7351 | D:8      | Killed Maurice
  7423 | D:8      | Reached ***** piety under Trog
  7815 | D:9      | Found Cuhiun's Distillery.
  7820 | D:9      | Bought a potion of mutation for 120 gold pieces
  8011 | D:9      | Noticed a red ugly thing
  8021 | D:9      | Killed a red ugly thing
  8021 | D:9      | Reached skill level 9 in Fighting
  8196 | D:9      | Reached XP level 11. HP: 97/97 MP: 11/11
  8618 | D:10     | Entered Level 10 of the Dungeon
  9031 | D:10     | Found a bloodstained altar of Trog.
  9040 | D:10     | Noticed a two-headed ogre
  9049 | D:10     | Killed a two-headed ogre
  9638 | D:11     | Found a staircase to the Lair.
  9896 | D:11     | Noticed a five-headed hydra
  9910 | D:11     | Killed a one-headed hydra
 10287 | D:12     | Reached skill level 10 in Fighting
 10368 | D:12     | Found a staircase to the Orcish Mines.
 10842 | D:12     | Reached ****** piety under Trog
 11070 | D:13     | Gained mutation: You are slightly more attuned to the shadows. [demonic ancestry]
 11070 | D:13     | Reached XP level 12. HP: 106/106 MP: 12/12
 11310 | D:13     | Noticed Erolcha
 11326 | D:13     | Killed Erolcha
 11333 | D:13     | Reached skill level 10 in Armour
 11392 | D:13     | Found a frozen archway.
 11463 | IceCv    | Entered an ice cave
 11482 | IceCv    | Reached skill level 10 in Long Blades
 11944 | D:13     | Noticed Rupert
 12091 | D:13     | Noticed a centaur warrior
 12101 | D:13     | Killed a centaur warrior
 12101 | D:13     | Reached skill level 11 in Fighting
 12140 | D:13     | Received a gift from Trog
 12205 | D:13     | Found a roughly hewn altar of Beogh.
 12278 | D:13     | Killed Rupert
 12278 | D:13     | Reached skill level 10 in Dodging
 12371 | D:13     | Noticed a two-headed ogre
 12396 | D:13     | Killed a two-headed ogre
 12719 | D:14     | Reached XP level 13. HP: 115/116 MP: 13/13
 12825 | D:14     | Noticed Snorg
 12830 | D:14     | Killed Snorg
 12955 | D:14     | Found Paaheh's Gadget Boutique.
 13432 | D:14     | Found a gate to the Vaults.
 13501 | D:14     | Received a gift from Trog
 13853 | D:15     | Entered Level 15 of the Dungeon
 13927 | D:15     | Reached skill level 12 in Fighting
 13960 | D:14     | Noticed a tengu reaver
 13971 | D:14     | Noticed a storm dragon
 14375 | Orc:1    | Entered Level 1 of the Orcish Mines
 14375 | Orc:1    | Noticed Nergalle
 14383 | Orc:1    | Killed Nergalle
 14647 | Orc:1    | Found a roughly hewn altar of Beogh.
 14719 | Orc:2    | Entered Level 2 of the Orcish Mines
 14806 | Orc:2    | Found a staircase to the Elven Halls.
 14807 | Orc:2    | Found a roughly hewn altar of Beogh.
 14901 | Orc:1    | Reached XP level 14. HP: 126/126 MP: 12/14
 15011 | Orc:2    | Received a gift from Trog
 15019 | Orc:2    | Found a dark tunnel.
 15022 | Volcano  | Entered a volcano
 15029 | Volcano  | Got a dazzling helmet
 15060 | Volcano  | Paralysed by an orc sorcerer for 5 turns
 15154 | Volcano  | Identified the +2 helmet of Greed {rN+ Regen+ Int+5} (You found it in a volcano)
 15310 | Orc:2    | Found a roughly hewn altar of Beogh.
 15328 | Orc:2    | Found Nogroxu's Antique Weapon Shoppe.
 15370 | Orc:2    | Found a roughly hewn altar of Beogh.
 15735 | Orc:2    | Found a roughly hewn altar of Beogh.
 15888 | Orc:2    | Found a roughly hewn altar of Beogh.
 15904 | Orc:2    | Found Regikhli's Weapon Shoppe.
 15966 | Orc:2    | Noticed an orc warlord
 16002 | Orc:2    | Killed an orc warlord
 16022 | Orc:2    | Received a gift from Trog
 16081 | Orc:2    | Found Zocraos's Antique Weapon Shoppe.
 16082 | Orc:2    | Found a roughly hewn altar of Beogh.
 16088 | Orc:2    | Found Meungue's Antique Armour Emporium.
 16185 | Orc:2    | Found a roughly hewn altar of Beogh.
 16350 | Lair:1   | Entered Level 1 of the Lair of Beasts
 16509 | Lair:1   | Gained mutation: You have very sharp teeth. [potion of mutation]
 16509 | Lair:1   | Gained mutation: Your flesh is cold resistant. (rC+) [potion of mutation]
 18180 | Lair:3   | Found a staircase to the Snake Pit.
 18255 | Lair:3   | Noticed Sonja
 18267 | Lair:3   | Killed Sonja
 18346 | Lair:3   | Reached skill level 13 in Fighting
 18507 | Lair:3   | Received a gift from Trog
 18897 | Lair:4   | Found a staircase to the Swamp.
 19086 | Lair:4   | Noticed Josephine
 19096 | Lair:4   | Killed Josephine
 19147 | Lair:4   | Reached XP level 15. HP: 136/136 MP: 15/15
 19508 | Lair:4   | Noticed Nessos
 19708 | Lair:5   | Noticed nht's ghost (journeyman BaBe)
 19745 | Lair:5   | Killed nht's ghost
 19836 | Lair:5   | Found a staircase to the Slime Pits.
 19839 | Lair:5   | Found a viscous altar of Jiyva.
 20410 | Lair:6   | Entered Level 6 of the Lair of Beasts
 21083 | Lair:6   | Received a gift from Trog
 21458 | Lair:6   | Reached skill level 14 in Fighting
 22120 | D:15     | Found Jaunous's Assorted Antiques.
 22386 | D:15     | Received a gift from Trog
 22403 | D:15     | Reached XP level 16. HP: 147/147 MP: 16/16
 22415 | D:15     | Found a staircase to the Depths.
 22873 | Snake:1  | Entered Level 1 of the Snake Pit
 23105 | Snake:1  | Found Eggude's Gadget Shoppe.
 23105 | Snake:1  | Found Puesy's Gadget Shoppe.
 23105 | Snake:1  | Found Vuqa's Jewellery Boutique.
 23682 | Snake:1  | Found a hazy altar of Hepliaklqana.
 24005 | Snake:2  | Received a gift from Trog
 24131 | Snake:2  | Reached skill level 15 in Fighting
 25013 | Snake:3  | Noticed Nico3ck's ghost (adept FoAs)
 25055 | Snake:3  | Killed Nico3ck's ghost
 25337 | Snake:3  | Received a gift from Trog
 25434 | Snake:3  | Gained mutation: You regenerate magic rapidly. [demonic ancestry]
 25434 | Snake:3  | Reached XP level 17. HP: 101/156 MP: 10/17
 25748 | Snake:4  | Entered Level 4 of the Snake Pit
 26933 | Snake:4  | Received a gift from Trog
 27351 | Snake:4  | Reached skill level 15 in Armour
 27588 | Snake:4  | Reached skill level 16 in Fighting
 27846 | Snake:4  | Reached skill level 15 in Long Blades
 27883 | Snake:4  | Received a gift from Trog
 28387 | Snake:4  | Got a serpentine rune of Zot
 28587 | Snake:2  | You fall through a shaft!
 28696 | Swamp:1  | Entered Level 1 of the Swamp
 28704 | Swamp:1  | Reached XP level 18. HP: 166/166 MP: 18/18
 29237 | Swamp:1  | Received a gift from Trog
 29629 | Swamp:2  | Paralysed by a hornet for 2 turns
 29637 | Swamp:2  | Reached skill level 15 in Dodging
 30469 | Swamp:3  | Noticed Roxanne
 30535 | Swamp:3  | Noticed Louise
 30561 | Swamp:3  | Killed Louise
 30596 | Swamp:3  | Identified the cursed +1 scale mail "Moys" {MR+ Regen+ Stlth+} (You found it on level 3 of the Swamp)
 30719 | Swamp:3  | Noticed Donald
 30749 | Swamp:3  | Killed Donald
 31150 | Swamp:4  | Entered Level 4 of the Swamp
 31194 | Swamp:4  | Received a gift from Trog
 31603 | Swamp:3  | Paralysed by a hornet for 3 turns
 31810 | Swamp:4  | Got a decaying rune of Zot
 31979 | Swamp:4  | Reached skill level 17 in Fighting
 32408 | Swamp:1  | Received a gift from Trog
 32593 | Elf:1    | Entered Level 1 of the Elven Halls
 32639 | Elf:1    | Found Mafoid's Magic Scroll Shop.
 32649 | Elf:1    | Bought a scroll of blinking for 135 gold pieces
 32697 | Elf:1    | Found Xiqar's Armour Emporium.
 32910 | Elf:1    | Noticed an Ice Fiend
 32969 | Elf:1    | Received a gift from Trog
 32969 | Elf:1    | Gained mutation: You are significantly more attuned to the shadows. [demonic ancestry]
 32969 | Elf:1    | Reached XP level 19. HP: 104/177 MP: 13/19
 33023 | Elf:1    | Found Wamupryi's Distillery.
 33068 | Elf:1    | Bought a potion of might for 72 gold pieces
 33762 | Elf:1    | Found a roughly hewn altar of Beogh.
 33812 | Elf:1    | Found Ciomn's Gadget Shoppe.
 33945 | Elf:2    | Noticed Asterion
 33950 | Elf:2    | Received a gift from Trog
 33960 | Elf:2    | Killed Asterion
 34779 | Elf:2    | Found a runed gate.
 34779 | Elf:2    | Found a runed gate.
 34780 | Elf:2    | Found a runed gate.
 34908 | Elf:3    | Entered Level 3 of the Elven Halls
 35247 | Elf:3    | Received a gift from Trog
 35953 | Elf:3    | Noticed a Tzitzimitl
 36001 | Elf:3    | Reached skill level 18 in Fighting
 36007 | Elf:3    | Noticed a Tzitzimitl
 36153 | Elf:3    | Reached XP level 20. HP: 187/187 MP: 20/20
 36250 | Elf:3    | HP: 14/280 [deep elf blademaster/rapier (10)]
 36253 | Elf:3    | HP: 2/187 [deep elf blademaster/short sword (10)]
 36254 | Elf:3    | Slain by a deep elf blademaster

Vault maps used:
D:1:      nicolae_arrival_somewhat_less_tricky_arrival
D:2:      uniq_crazy_yiuf_cottage
D:3:      guppyfry_early_lair_pool
D:4:      first_bread, uniq_duvessa, uniq_edmund, uniq_menkaure, uniq_natasha
D:5:      uniq_prince_ribbit1, uniq_sigmund
D:6:      minmay_diamond_boxcup, serial_shops, nicolae_shop_overgrown_old_shop,
          nicolae_shop_stone, nicolae_shop_window_shopping
D:7:      minmay_temple_entry_glassed_door, basic_altar
D:8:      nicolae_two_hexagons, the_bakery, abandoned_shop,
          minmay_misc_feat_tiny, uniq_erica, uniq_maurice
D:9:      serial_shops, shop, minmay_misc_feat_pillars, minmay_liquid_box
D:10:     trog_ov_bears_minmay
D:11:     minmay_lair_entry_lava
D:13:     special_room, portal_ice_cave_entry_ice_beasts, serial_park_tiny_2,
          uniq_erolcha, uniq_rupert
D:14:     minmay_connected_triangles_in_corner, david_vaults_4, serial_shops,
          shop, minmay_misc_feat_iff, uniq_snorg
D:15:     grunt_enter_depths_magical_seal, serial_shops,
          nicolae_shop_overgrown_old_shop, serial_bayou_shore_a,
          minmay_more_statues
Lair:1:   infiniplex_staircase_pool_2, grunt_megastairs_5
Lair:3:   guppyfry_snake_entry_island, bobbens_dragon_lair_wall, uniq_sonja
Lair:4:   minmay_swamp_entry_reptiles, infiniplex_staircase_pool, uniq_nessos,
          uniq_josephine
Lair:5:   slime_altar_1, lemuel_fruit_fields
Lair:6:   evilmike_catoblepas_cave, serial_bayou_shore_b, serial_bayou_shore_b,
          serial_bayou_shore_b, minmay_lair_oklob_chamber
Swamp:1:  evilmike_swamp_ruin_house_2
Swamp:2:  evilmike_swamp_ruin_rubble_1, swamp_pool4
Swamp:3:  evilmike_swamp_ruin_house_3, uniq_roxanne, uniq_donald, uniq_louise
Swamp:4:  swamp_alternative
Snake:1:  kennysheep_six_static_rooms, basic_altar, st_stairs_8, spider_trap,
          minmay_shop_grove
Snake:2:  statue_in_the_mist_lemuel
Snake:3:  spider_trap, nicolae_snake_squiggles
Snake:4:  snake_pit_salamanders_mu
Orc:1:    basic_altar, uniq_nergalle
Orc:2:    grunt_orc_community_town_hall, grunt_orc_community_big_house_2,
          grunt_orc_community_big_house_2, grunt_orc_community_house_2,
          grunt_orc_community_house_2, grunt_orc_community_house_2,
          grunt_orc_community_house_3, grunt_orc_community_house_1,
          grunt_orc_community_house_1, nicolae_volcano_entry_lava_flow,
          guppyfry_library_mini
Elf:1:    special_room, serial_shops, nicolae_shop_waterfront, shop, shop, shop,
          hangedman_elf_disciples, grunt_megastairs_3
Elf:2:    st_stairs_5, uniq_asterion
Elf:3:    minmay_elf_hall, special_room, st_stairs_1
IceCv:    ice_cave_statue_garden_chambered
Volcano:  volcano_caves

Skill      XL: |  1  2  3  4  5  6  7  8  9 10 11 12 13 14 15 16 17 18 19 |
---------------+----------------------------------------------------------+-----
Dodging        | 2 3 4 5 6 7 9 10 11 12 13 14 15 16 | 16.5
Armour         | 2 3 4 5 7 8 9 10 11 12 13 14 15 16 | 16.8
Long Blades    | 3 4 5 7 8 9 10 11 12 13 14 15 16 | 16.8
Fighting       | 4 5 6 7 9 10 11 12 13 14 15 16 17 18 | 18.0

Action                   |  1- 3 |  4- 6 |  7- 9 | 10-12 | 13-15 | 16-18 | 19-21 || total
-------------------------+-------+-------+-------+-------+-------+-------+-------++-------
Melee: Falchion          |    19 |       |       |       |       |       |       ||    19
       Short sword       |   107 |   109 |   205 |   159 |       |       |       ||   580
       Quarterstaff      |       |    20 |     4 |       |       |       |       ||    24
       Kick              |       |    28 |   228 |   455 |   907 |  1216 |   367 ||  3201
       Long sword        |       |       |   217 |       |       |       |       ||   217
       Scimitar          |       |       |       |   597 |   453 |   107 |    31 ||  1188
       Demon blade       |       |       |       |       |  1030 |  1976 |   633 ||  3639
       Bite              |       |       |       |       |   219 |   494 |   148 ||   861
       Great sword       |       |       |       |       |       |    16 |       ||    16
Invok: Berserk           |     1 |     1 |     9 |    13 |     9 |     5 |     3 ||    41
       Burn Spellbooks   |       |       |     1 |     3 |     5 |     4 |     2 ||    15
       Trog's Hand       |       |       |       |     2 |     4 |     3 |     8 ||    17
       Brothers in Arms  |       |       |       |     1 |     3 |       |     3 ||     7
Evoke: Wand              |       |       |       |       |     3 |       |     2 ||     5
  Use: Scroll            |       |       |     8 |    15 |    11 |     6 |     3 ||    43
       Potion            |       |       |     4 |     4 |     2 |     2 |     1 ||    13
 Stab: Paralysed         |       |     1 |       |       |       |       |       ||     1
       Sleeping          |       |       |    12 |    15 |    31 |    20 |    10 ||    88
       Distracted        |       |       |       |     3 |     2 |     3 |     5 ||    13
       Confused          |       |       |       |       |     2 |     4 |       ||     6
       Petrifying        |       |       |       |       |     1 |       |       ||     1
       Petrified         |       |       |       |       |     1 |       |       ||     1
  Eat: Chunk             |     2 |     5 |    19 |    23 |    33 |     9 |    15 ||   106
       Royal jelly       |       |       |     3 |     4 |     4 |     8 |     1 ||    20
       Fruit             |       |       |       |     4 |     7 |    19 |       ||    30
Armor: Animal skin       |    31 |       |       |       |       |       |       ||    31
       Ring mail         |       |    80 |   131 |   184 |    26 |       |       ||   421
       Steam dragon scal |       |       |       |     2 |   324 |   356 |       ||   682
       Swamp dragon scal |       |       |       |       |       |   156 |   192 ||   348
Dodge: Dodged            |    62 |   107 |   327 |   509 |  1379 |  1868 |   560 ||  4812
       Rpst.: Falchion   |     5 |       |       |       |       |       |       ||     5
       Long sword        |       |       |    58 |       |       |       |       ||    58
       Scimitar          |       |       |       |   109 |    87 |    15 |     9 ||   220
       Demon blade       |       |       |       |       |   233 |   362 |   117 ||   712
